 Dungeon Crawl Stone Soup version 0.17-a0-131-ga9cda9c (webtiles) character file.

611 HAL9000 the Basher (level 7, -9/67 HPs)
             Began as an Ogre Hunter on Mar 24, 2015.
             Was a Follower of Okawaru.
             Mangled by a decayed bog body (16 damage)
             ... in an ossuary.
             The game lasted 00:08:55 (2972 turns).

HAL9000 the Basher (Ogre Hunter)                    Turns: 2972, Time: 00:08:55

Health: -9/67      AC:  3    Str: 18    XL:     7   Next: 43%
Magic:  7/7        EV: 10    Int: 10    God:    Okawaru [*.....]
Gold:   137        SH:  0    Dex: 16    Spells: 0 memorised, 6 levels left

rFire  x . .     SeeInvis .     p - +1 flail (crush)
rCold  + . .     Clarity  .     d - +0 animal skin
rNeg   . . .     SustAb   .     (shield restricted)
rPois  +         Gourm    .     (helmet restricted)
rElec  .         Spirit   .     (no cloak)
rCorr  .         Warding  .     (gloves unavailable)
rMut   .         Stasis   .     (boots unavailable)
MR     .....                    s - amulet of regeneration
Stlth  ++........               F - ring of poison resistance
                                m - ring of ice

@: not resistant to hostile enchantments, unstealthy
A: unfitting armour, agile 2, blink 1, tough skin 1
a: Blink, Heroism, Renounce Religion


You were in an ossuary.
You worshipped Okawaru.
Okawaru was aware of your devotion.
You were hungry.

You visited 2 branches of the dungeon, and saw 5 of its levels.
You also visited: Ossuary.

You collected 137 gold pieces.

Inventory:

Hand weapons
 p - a +1 flail of crushing (weapon)
Missiles
 b - 4 large rocks (quivered)
 c - a throwing net
 B - 7 javelins of penetration
Armour
 d - a +0 animal skin (worn)
Jewellery
 m - a ring of ice (left hand)
 s - an amulet of regeneration (around neck)
 F - a ring of poison resistance (right hand)
Scrolls
 h - a scroll of fog {unknown}
 j - 4 scrolls of enchant armour {unknown}
 k - 3 scrolls of identify {unknown}
 t - 5 scrolls of remove curse {unknown}
 u - 3 scrolls of teleportation {unknown}
 x - 2 scrolls of fear {unknown}
 y - a scroll of recharging {unknown}
Potions
 r - a potion of curing
 z - a potion of cancellation {unknown}
 A - a potion of berserk rage {unknown}
 E - 5 potions of heal wounds {unknown}
 G - a potion of invisibility {unknown}
Books
 C - a book of Frost

   Spells                             Type                      Level
   a - Freeze                         Ice                          1
   b - Throw Frost                    Conjuration/Ice              2
   c - Ozocubu's Armour               Charms/Ice                   3
   d - Throw Icicle                   Conjuration/Ice              4
   e - Summon Ice Beast               Ice/Summoning                4
   f - Condensation Shield            Ice                          4
Comestibles
 f - 2 meat rations
 g - a royal jelly
 q - 3 bread rations
 v - a beef jerky


   Skills:
 - Level 3.1 Fighting
 + Level 9.7 Maces & Flails
 - Level 4.7 Throwing
 - Level 1.7 Dodging
 - Level 0.7 Stealth


You had 6 spell levels left.
You didn't know any spells.

Dungeon Overview and Level Annotations

Branches:
Dungeon (4/15)             Temple (1/1) D:4

Altars:
Ashenzari
Cheibriados
Elyvilon
Fedhas
Kikubaaqudgha
Nemelex Xobeh
Okawaru
Qazlal
Ru
Sif Muna
Vehumet
Xom
Zin
The Shining One


Innate Abilities, Weirdness & Mutations

You are too large for most types of armour.
You have tough skin (AC +1).
You are very agile. (Dex +4)
You can translocate small distances at will.


Message History

* * * LOW HITPOINT WARNING * * *
Drink which item? (? for menu, Esc to quit)
It was a potion of curing.
You feel better. The decayed bog body hits you.
* * * LOW HITPOINT WARNING * * *
The decayed bog body closely misses you.
Unknown command.
You hit the decayed bog body.
The decayed bog body is severely damaged.
The decayed bog body hits you!
* * * LOW HITPOINT WARNING * * *
The decayed bog body closely misses you.
Unknown command.
There is an open door here.
Drink which item? (? for menu, Esc to quit)
It was a potion of mutation.
You feel extremely strange.
You feel agile.
You feel jittery.
You feel agile.
The giant frog zombie barely misses you.
The giant frog zombie hits you but does no damage.
The decayed bog body hits you!
You die...

## ≈# ≈# ≈# ≈ ##≈# ≈##
##≈≈≈# ≈≈≈ #≈# #≈≈≈≈≈≈
≈≈ #≈###≈###≈##≈≈≈#
≈≈≈# #P≈M#P≈.≈P≈P≈#
##≈.#≈#.≈≈#.≈≈≈.###
#.≈.≈≈≈≈≈≈≈nZ..≈≈P#
#≈≈##.##†##'##@##≈≈≈≈#
#...#.#...# .P≈≈
#.∩.###...# ### #..∩#
#...# ##### #####


You could see a decayed bog body, a mummy and a giant frog zombie.

Vanquished Creatures
  4 bog bodies (Ossuary)
  2 giant frog zombies (Ossuary)
  An iguana (D:4)
  An orc priest (D:3)
  A hound (D:4)
  A centaur skeleton (D:4)
  An orc wizard (D:4)
  A worker ant (D:4)
  Ijyb (D:2)
  A hound zombie (Ossuary)
  2 worker ant zombies (Ossuary)
  5 adders
  3 gnolls (D:2)
  3 worms
  A giant gecko (D:1)
  2 oozes (D:1)
  11 orcs
  2 ball pythons
  10 bats
  A bat zombie (Ossuary)
  3 giant cockroaches
  4 goblins
  10 hobgoblins
  3 jackals (D:2)
  A giant cockroach zombie (Ossuary)
  4 giant newts
  7 kobolds
  8 rats
94 creatures vanquished.

Vanquished Creatures (others)
  2 plants (Ossuary)
2 creatures vanquished.

Grand Total: 96 creatures vanquished

Notes
Turn   | Place    | Note
--------------------------------------------------------------
     0 | D:1      | HAL9000, the Ogre Hunter, began the quest for the Orb.
     0 | D:1      | Reached XP level 1. HP: 22/22 MP: 1/1
   203 | D:1      | Reached XP level 2. HP: 24/31 MP: 2/2
   282 | D:1      | Reached skill level 1 in Maces & Flails
   738 | D:1      | Reached XP level 3. HP: 28/37 MP: 3/3
  1246 | D:2      | Reached XP level 4. HP: 38/45 MP: 4/4
  1371 | D:2      | Noticed Ijyb
  1372 | D:2      | Killed Ijyb
  1412 | D:2      | Reached skill level 5 in Maces & Flails
  1508 | D:2      | Reached XP level 5. HP: 49/53 MP: 5/5
  2032 | D:3      | Reached skill level 6 in Maces & Flails
  2065 | D:3      | Found a radiant altar of Vehumet.
  2123 | D:4      | Found a staircase to the Ecumenical Temple.
  2138 | Temple   | Entered the Ecumenical Temple
  2367 | D:4      | Reached skill level 7 in Maces & Flails
  2367 | D:4      | Reached XP level 6. HP: 57/61 MP: 6/6
  2372 | D:4      | Found an iron altar of Okawaru.
  2456 | D:4      | Became a worshipper of Warmaster Okawaru
  2622 | D:4      | Reached skill level 8 in Maces & Flails
  2790 | D:4      | Found a sand-covered staircase.
  2798 | Ossuary  | Entered an ossuary
  2854 | Ossuary  | Reached XP level 7. HP: 45/67 MP: 7/7
  2856 | Ossuary  | Reached skill level 9 in Maces & Flails
  2937 | Ossuary  | Acquired Okawaru's first power
  2972 | Ossuary  | Gained mutation: You are agile. (Dex +2) [potion of mutation]
  2972 | Ossuary  | Gained mutation: You can translocate small distances at will. [potion of mutation]
  2972 | Ossuary  | Gained mutation: You are very agile. (Dex +4) [potion of mutation]
  2972 | Ossuary  | Mangled by a decayed bog body

Action                   |  1- 3 |  4- 6 |  7- 9 || total
-------------------------+-------+-------+-------++-------
Melee: Short sword       |    23 |       |       ||    23
       Club              |    32 |       |       ||    32
       Whip              |    52 |       |       ||    52
       Flail             |    23 |   134 |    32 ||   189
Throw: Large rock        |     6 |    29 |     1 ||    36
       Throwing net      |       |     2 |     1 ||     3
  Use: Potion            |       |       |     2 ||     2
 Stab: Held in net/web   |       |     1 |     1 ||     2
       Sleeping          |       |     1 |       ||     1
  Eat: Chunk             |     1 |     7 |       ||     8
